 Dungeon Crawl Stone Soup version 0.31-a0-187-gba352fbbf7 (webtiles) character file.

Game seed: 6360295489066607231

1389 qw the Skirmisher (level 8, -5/46 HPs)
             Began as a Deep Elf Hunter on June 22, 2023.
             Was an Initiate of Okawaru.
             Slain by Maggie
             ... wielding a +2 broad axe of flaming
              (7 damage)
             ... on level 6 of the Dungeon.
             The game lasted 00:02:31 (5629 turns).

qw the Skirmisher (Deep Elf Hunter)                 Turns: 5629, Time: 00:02:32

Health: -5/46      AC:  6    Str: 10    XL:     8   Next: 40%
Magic:  10/10      EV: 12    Int: 15    God:    Okawaru [......]
Gold:   351        SH:  0    Dex: 18    Spells: 7/7 levels left

rFire   + . .        k - +0 orcbow
rCold   + . .        (shield currently unavailable)
rNeg    . . .        f - +0 ring mail
rPois   +            b - +0 helmet
rElec   .            j - scarf {rC+ rF+}
rCorr   .            (no gloves)
SInv    .            (no boots)
Will    .....        g - amulet of faith
Stlth   +            d - ring of poison resistance
HPRegen 0.27/turn    (no ring)
MPRegen 0.12/turn

%: faith
@: about to teleport
A: no striking features
a: Renounce Religion


You were on level 6 of the Dungeon.
You worshipped Okawaru.
Okawaru was noncommittal.
You visited 2 branches of the dungeon, and saw 7 of its levels.
You also visited: Sewer.

You collected 351 gold pieces.


   Skills:
 - Level 3.3 Fighting
 + Level 12.7 Ranged Weapons
 - Level 1.7 Armour
 - Level 4.0 Dodging
 - Level 1.2 Stealth


You had 7 spell levels left.
You didn't know any spells.
Your spell library was empty.

Inventory:

Hand Weapons
 k - a +0 orcbow (weapon)
Armour
 b - a +0 helmet (worn)
 f - a +0 ring mail (worn)
 j - a scarf of resistance (worn)
Jewellery
 d - a ring of poison resistance (left hand)
 g - an amulet of faith (around neck)
Scrolls
 a - a scroll of identify
 i - a scroll of teleportation
Potions
 c - a potion of mutation
 e - 2 potions of curing
 h - a potion of enlightenment
 l - 2 potions of resistance

Dungeon Overview and Level Annotations

Branches:
Dungeon (6/15)             Temple (1/1) D:5           Sewer (visited)

Altars:
Ashenzari
Cheibriados
Dithmenos
Elyvilon
Fedhas
Gozag
Hepliaklqana
Kikubaaqudgha
Makhleb
Nemelex Xobeh
Okawaru
Qazlal
Ru
Sif Muna
Trog
Uskayaw
Vehumet
Wu Jian
Xom
Yredelemnul
Zin
The Shining One

Annotations:
D:1 exclusion: 8 gnolls
D:6 Maggie


Message History

Maggie mumbles some strange words.
Maggie attempts to bespell you!
You are mesmerised by Maggie!
You shoot an arrow. The arrow hits Maggie!
Maggie is lightly wounded.
You shoot an arrow. The arrow closely misses Maggie.
You shoot an arrow. The arrow barely misses Maggie.
Maggie points at you and mumbles some strange words.
The bolt of fire hits you. You resist.
You hear a shout!
You shoot an arrow. The arrow hits the orc priest.
The orc priest is moderately wounded.
You shoot an arrow. The arrow barely misses the orc priest.
Maggie points at you and mumbles some strange words.
The bolt of fire hits you! You resist.
You shoot an arrow. The arrow hits the orc priest.
The orc priest is heavily wounded.
The orc priest closely misses you.
You shoot an arrow. The arrow hits the orc priest.
The orc priest is almost dead.
The orc priest closely misses you.
You shoot an arrow. The arrow hits the orc priest!
You kill the orc priest!
Okawaru accepts your kill.
Maggie hits you with a +2 broad axe of flaming!
Maggie burns you.
You shoot an arrow.
The arrow hits Maggie but does no damage.
Maggie is lightly wounded.
Maggie points at you and mumbles some strange words.
The bolt of fire hits you! You resist.
You shoot an arrow. The arrow completely misses Maggie.
You break out of your daze.
Maggie gestures at you while chanting. The bolt of fire hits you! You resist.
5629 ||| READING 2 scrolls of teleportation.
As you read the scroll of teleportation, it crumbles to dust.
You feel strangely unstable.
Maggie hits you with a +2 broad axe of flaming!
You die...

#...............
#................##
...#..............##
#..#........# .....#
...........####....#
........>..##......###
.......#.............#
.......##....##@)...##
.........>....##@....#
...#...##........#..##
...#..#####.........#
......#.##.)....#####
......>.##.<....##
.........#.......#
.....##.........##
....##.......#.## .###
#...#...###


You could see Maggie.

Vanquished Creatures
  An ice beast (D:5)
  A centaur (D:5)
  8 kobold brigands (Sewer)
  2 scorpions
  A jelly (D:5)
  3 orc priests
  A gnoll bouda (D:5)
  Jessica (D:3)
  An iguana (D:5)
  An orc wizard (D:4)
  Robin (D:3)
  4 gnolls
  13 adders
  A river rat (Sewer)
  An ufetubus (D:4)
  4 worms
  3 dart slugs (D:2)
  8 orcs
  9 endoplasms
  7 giant cockroaches
  7 goblins
  6 hobgoblins
  17 jackals
  13 kobolds
  7 quokkas
  9 ball pythons
  12 bats
  A frilled lizard (D:2)
  8 rats
151 creatures vanquished.

Vanquished Creatures (others)
  A goblin (D:3)
1 creature vanquished.

Grand Total: 152 creatures vanquished

Notes
Turn   | Place    | Note
-------+----------+-------------------------------------------
     0 | D:1      | qw the Deep Elf Hunter began the quest for the Orb.
     0 | D:1      | Reached XP level 1. HP: 12/12 MP: 3/3
     0 | D:1      | 0 ||| qw: Version: 0.3-a-9-g12657ce
     0 | D:1      | 0 ||| qw: Game counter: 2075
     0 | D:1      | 0 ||| qw: Always use a shield: true
     0 | D:1      | 0 ||| qw: God list: Okawaru
     0 | D:1      | 0 ||| qw: Allow faded altars: false
     0 | D:1      | 0 ||| qw: Do Orc after D:15 true
     0 | D:1      | 0 ||| qw: Do second Lair branch before Depths: true
     0 | D:1      | 0 ||| qw: Lair rune preference: random
     0 | D:1      | 0 ||| qw: Plans: Normal
     0 | D:1      | 0 ||| PLANNING D:1-11
   200 | D:1      | Found a faded altar of an unknown god.
   257 | D:1      | 257 ||| UPGRADING to ring of poison resistance.
   271 | D:1      | Reached skill level 6 in Ranged Weapons
   271 | D:1      | Reached XP level 2. HP: 9/16 MP: 4/4
   770 | D:1      | 770 ||| DROPPING scroll of butterflies.
   825 | D:2      | Reached XP level 3. HP: 12/20 MP: 5/5
  1062 | D:2      | Reached skill level 7 in Ranged Weapons
  1062 | D:2      | 1062 ||| FLEEEEING.
  1063 | D:2      | 1063 ||| FLEEEEING.
  1064 | D:2      | 1064 ||| FLEEEEING.
  1065 | D:2      | 1065 ||| FLEEEEING.
  1066 | D:2      | 1066 ||| FLEEEEING.
  1067 | D:2      | 1067 ||| FLEEEEING.
  1068 | D:2      | 1068 ||| FLEEEEING.
  1069 | D:2      | 1069 ||| FLEEEEING.
  1070 | D:2      | 1070 ||| FLEEEEING.
  1072 | D:2      | 1072 ||| FLEEEEING.
  1073 | D:2      | 1073 ||| FLEEEEING.
  1074 | D:2      | 1074 ||| FLEEEEING.
  1075 | D:2      | 1075 ||| FLEEEEING.
  1076 | D:2      | 1076 ||| FLEEEEING.
  1077 | D:2      | 1077 ||| FLEEEEING.
  1078 | D:2      | 1078 ||| FLEEEEING.
  1079 | D:2      | 1079 ||| FLEEEEING.
  1080 | D:2      | 1080 ||| FLEEEEING.
  1081 | D:2      | 1081 ||| FLEEEEING.
  1082 | D:2      | 1082 ||| FLEEEEING.
  1083 | D:2      | 1083 ||| FLEEEEING.
  1084 | D:2      | 1084 ||| FLEEEEING.
  1085 | D:2      | 1085 ||| FLEEEEING.
  1086 | D:2      | 1086 ||| FLEEEEING.
  1087 | D:2      | 1087 ||| FLEEEEING.
  1088 | D:2      | 1088 ||| FLEEEEING.
  1090 | D:2      | 1090 ||| FLEEEEING.
  1091 | D:2      | 1091 ||| FLEEEEING.
  1240 | D:2      | Reached XP level 4. HP: 25/25 MP: 6/6
  1529 | D:2      | 1529 ||| UPGRADING to +0 ring mail.
  1539 | D:2      | 1539 ||| DROPPING +0 leather armour.
  1540 | D:2      | 1540 ||| READING 2 scrolls labelled BAORGH PIEN.
  1541 | D:2      | 1541 ||| READING scroll labelled QAPTUOH SEABUIBA.
  1542 | D:2      | 1542 ||| READING scroll labelled DOUFUH PAIVEEL.
  1543 | D:2      | 1543 ||| READING scroll labelled KIMOAB QEDE.
  1617 | D:3      | Noticed Robin
  1620 | D:3      | 1620 ||| Stepping ~*~*~tactically~*~*~ (outnumbered).
  1629 | D:3      | Killed Robin
  1630 | D:3      | Reached skill level 8 in Ranged Weapons
  1790 | D:3      | Noticed Jessica
  1795 | D:3      | Killed Jessica
  1820 | D:3      | Reached XP level 5. HP: 29/29 MP: 7/7
  2329 | D:3      | Reached skill level 9 in Ranged Weapons
  2503 | D:3      | 2503 ||| UPGRADING to +0 helmet.
  2508 | D:3      | 2508 ||| READING scroll labelled BAVUTHU SECU.
  2509 | D:3      | 2509 ||| DRINKING 2 sedimented brown potions.
  2510 | D:3      | 2510 ||| DRINKING 2 blue potions.
  2511 | D:3      | 2511 ||| READING 2 scrolls of identify.
  2511 | D:3      | 2511 ||| IDENTIFYING golden potion
  2512 | D:3      | 2512 ||| DROPPING potion of brilliance.
  2577 | D:4      | 2577 ||| STAIRDANCE
  2830 | D:4      | Reached XP level 6. HP: 35/35 MP: 8/8
  3119 | D:4      | Found an ancient bone altar of Kikubaaqudgha.
  3119 | D:4      | Found a white marble altar of Elyvilon.
  3332 | D:4      | 3332 ||| UPGRADING to amulet of faith.
  3337 | D:4      | 3337 ||| READING 2 scrolls labelled IBUOL LEMUSITT.
  3341 | D:4      | 3341 ||| READING 4 scrolls of identify.
  3341 | D:4      | 3341 ||| IDENTIFYING clear potion
  3342 | D:4      | 3342 ||| READING 3 scrolls of identify.
  3342 | D:4      | 3342 ||| IDENTIFYING fuming sapphire potion
  3356 | D:5      | Entered Level 5 of the Dungeon
  3357 | D:5      | 3357 ||| PLANNING SEWER
  3362 | D:5      | 3362 ||| STAIRDANCE
  3420 | D:5      | Reached skill level 10 in Ranged Weapons
  3428 | D:5      | Reached skill level 3 in Dodging
  3513 | D:5      | Found a staircase to the Ecumenical Temple.
  3524 | D:5      | Noticed an ice beast
  3535 | D:5      | Killed an ice beast
  3536 | D:5      | Reached skill level 1 in Armour
  3536 | D:5      | Reached XP level 7. HP: 40/40 MP: 9/9
  3639 | D:5      | 3639 ||| Stepping ~*~*~tactically~*~*~ (water).
  3641 | D:5      | 3641 ||| Stepping ~*~*~tactically~*~*~ (water).
  3643 | D:5      | 3643 ||| Stepping ~*~*~tactically~*~*~ (water).
  3645 | D:5      | 3645 ||| Stepping ~*~*~tactically~*~*~ (water).
  3648 | D:5      | 3648 ||| Stepping ~*~*~tactically~*~*~ (water).
  3650 | D:5      | 3650 ||| Stepping ~*~*~tactically~*~*~ (water).
  3653 | D:5      | 3653 ||| Stepping ~*~*~tactically~*~*~ (water).
  3655 | D:5      | 3655 ||| Stepping ~*~*~tactically~*~*~ (water).
  3657 | D:5      | 3657 ||| Stepping ~*~*~tactically~*~*~ (water).
  3669 | D:5      | Found a glowing drain.
  3688 | D:5      | 3688 ||| UPGRADING to scarf of resistance.
  3695 | D:5      | 3695 ||| Stepping ~*~*~tactically~*~*~ (water).
  3705 | Sewer    | Entered a sewer
  3731 | Sewer    | 3731 ||| Stepping ~*~*~tactically~*~*~ (water).
  3863 | Sewer    | 3863 ||| FLEEEEING.
  3937 | Sewer    | 3937 ||| Stepping ~*~*~tactically~*~*~ (water).
  3945 | Sewer    | 3945 ||| Stepping ~*~*~tactically~*~*~ (water).
  3948 | Sewer    | 3948 ||| Stepping ~*~*~tactically~*~*~ (water).
  3950 | Sewer    | 3950 ||| Stepping ~*~*~tactically~*~*~ (water).
  3952 | Sewer    | 3952 ||| Stepping ~*~*~tactically~*~*~ (water).
  4004 | Sewer    | 4004 ||| Stepping ~*~*~tactically~*~*~ (water).
  4012 | Sewer    | Reached skill level 11 in Ranged Weapons
  4144 | Sewer    | 4144 ||| Stepping ~*~*~tactically~*~*~ (water).
  4177 | Sewer    | 4177 ||| Stepping ~*~*~tactically~*~*~ (water).
  4280 | Sewer    | Reached skill level 12 in Ranged Weapons
  4280 | Sewer    | Reached XP level 8. HP: 44/44 MP: 10/10
  4344 | Sewer    | 4344 ||| Stepping ~*~*~tactically~*~*~ (water).
  4423 | Sewer    | Reached skill level 3 in Fighting
  4444 | Sewer    | 4444 ||| READING scroll labelled USKINI NEUMMAR.
  4445 | Sewer    | 4445 ||| READING 2 scrolls of identify.
  4445 | Sewer    | 4445 ||| IDENTIFYING fuming dark potion
  4446 | Sewer    | 4446 ||| DROPPING potion of magic.
  4469 | D:5      | 4469 ||| PLANNING TEMPLE
  4524 | Temple   | Entered the Ecumenical Temple
  4555 | Temple   | 4555 ||| PLANNING OKAWARU WORSHIP
  4921 | Temple   | Became a worshipper of Warmaster Okawaru
  4922 | Temple   | 4922 ||| PLANNING D:1-11
  4995 | D:5      | 4995 ||| Stepping ~*~*~tactically~*~*~ (outnumbered).
  5000 | D:5      | 5000 ||| Stepping ~*~*~tactically~*~*~ (outnumbered).
  5269 | D:5      | 5269 ||| SWAPPING to +0 orcbow.
  5270 | D:5      | 5270 ||| DROPPING +1 shortbow.
  5461 | D:6      | Noticed Maggie
  5462 | D:6      | 5462 ||| Stepping ~*~*~tactically~*~*~ (outnumbered).
  5467 | D:6      | 5467 ||| FLEEEEING.
  5469 | D:6      | 5469 ||| FLEEEEING.
  5470 | D:6      | 5470 ||| FLEEEEING.
  5471 | D:6      | 5471 ||| FLEEEEING.
  5472 | D:6      | 5472 ||| FLEEEEING.
  5473 | D:6      | 5473 ||| FLEEEEING.
  5474 | D:6      | 5474 ||| FLEEEEING.
  5475 | D:6      | 5475 ||| FLEEEEING.
  5476 | D:6      | 5476 ||| FLEEEEING.
  5477 | D:6      | 5477 ||| FLEEEEING.
  5478 | D:6      | 5478 ||| FLEEEEING.
  5479 | D:6      | 5479 ||| FLEEEEING.
  5481 | D:6      | 5481 ||| STAIRDANCE
  5525 | D:6      | 5525 ||| STAIRDANCE
  5566 | D:6      | 5566 ||| STAIRDANCE
  5628 | D:6      | HP: 2/46 [Maggie/bolt of fire (11)]
  5629 | D:6      | 5629 ||| READING 2 scrolls of teleportation.
  5629 | D:6      | Slain by Maggie

Levels and vault maps discovered:
D:1:      dpeg_arrival_leaves_temple_mockup, layout_basic,
          hellmonk_ecumenical_altar_heavens_door
D:2:      layout_loops_ring, minmay_heptomino_l4
D:3:      layout_basic, uniq_jessica, uniq_robin
D:4:      layout_loops_cross, nicolae_overflow_two_pavilions
D:5:      layout_basic, minmay_temple_entry_glass, gup_sewer_entry_pipe,
          kennysheep_path_1, minmay_diced_spiral
D:6:      layout_cave_pools, kennysheep_pointless_box, nrook_uturn,
          minmay_misc_feat_nine_boxes, minmay_manual_monolith, uniq_maggie
Temple:   mainiacjoe_temple_big_plus

Skill      XL: |  1  2  3  4  5  6  7  8 |
---------------+-------------------------+-----
Ranged Weapons | 6 7 8 9 10 12 | 12.7
Fighting       | 2 3 |  3.3
Dodging        | 3 4 |  4.0
Armour         | 1 |  1.7
Stealth        | |  1.2

Action                     |  1- 3 |  4- 6 |  7- 9 || total
---------------------------+-------+-------+-------++-------
   Fire: Shortbow          |   141 |   188 |   211 ||   540
         Orcbow            |       |       |    38 ||    38
    Use: Scroll            |       |     9 |     3 ||    12
         Potion            |       |     2 |       ||     2
 Armour: Leather armour    |    23 |     2 |       ||    25
         Ring mail         |       |    37 |    27 ||    64
  Dodge: Dodged            |    45 |    59 |    59 ||   163

Table legend:
 A = Non-vault XP
 B = Vault XP
 C = Vault XP percentage of total XP
 D = Non-vault monster count
 E = Vault monster count
 F = Vault count percentage of total count
                 A         B        C        D         E       F
            +---------+---------+-------+---------+---------+-------
      Total |     839 |    1146 |  57.7 |     101 |      50 |  33.1
            +---------+---------+-------+---------+---------+-------
        D:1 |      40 |       0 |   0.0 |      18 |       0 |   0.0
        D:2 |      79 |       8 |   9.2 |      28 |       4 |  12.5
        D:3 |     111 |      63 |  36.2 |      23 |       7 |  23.3
        D:4 |     181 |       0 |   0.0 |      21 |       0 |   0.0
        D:5 |     327 |     182 |  35.8 |       6 |      11 |  64.7
        D:6 |     101 |       0 |   0.0 |       5 |       0 |   0.0
      Sewer |       0 |     893 | 100.0 |       0 |      28 | 100.0
            +---------+---------+-------+---------+---------+-------
